 Dungeon Crawl Stone Soup version 0.26.0-7-g794d0892b4 (webtiles) character file.

Game seed: 10073479289816029163

16755 lessens the Fencer (level 12, -9/70 HPs)
             Began as a Tengu Abyssal Knight on Jan 11, 2021.
             Was the Champion of Lugonu.
             Killed from afar by a deep elf mage (32 damage)
             ... with a shard of ice
             ... on level 12 of the Dungeon.
             The game lasted 00:23:38 (18956 turns).

lessens the Fencer (Tengu Abyssal Knight)          Turns: 18956, Time: 00:23:40

Health: -9/70      AC: 11    Str: 18    XL:     12   Next: 40%
Magic:  17/17      EV: 15    Int: 13    God:    Lugonu [******]
Gold:   628        SH:  0    Dex: 13    Spells: 11/11 levels left

rFire    + + .     SeeInvis +   g - +5 great sword
rCold    . . .     Faith    +   (shield currently unavailable)
rNeg     . . .     Spirit   .   O - +4 ring mail {rF+}
rPois    .         Reflect  .   (helmet restricted)
rElec    .         Harm     .   R - +0 cloak
rCorr    .         Rampage  .   D - +0 pair of gloves
Will     .....                  (boots unavailable)
Stlth    +.........             e - amulet of faith
HPRegen  0.21/turn              s - ring of protection from fire
MPRegen  0.15/turn              I - ring of see invisible

@: about to teleport
A: beak, talons 3, able to fly
a: Fly, Renounce Religion, Depart the Abyss, Bend Space, Banish, Corrupt, Enter
the Abyss, Brand Weapon With Distortion


You were on level 12 of the Dungeon.
You worshipped Lugonu.
Lugonu was exalted by your worship.
You visited 1 branch of the dungeon, and saw 12 of its levels.
You visited the Abyss 1 time.
You also visited: Sewer.

You collected 708 gold pieces.
You spent 80 gold pieces at shops.

Inventory:

Hand Weapons
 a - a +1 falchion
 g - a +5 great sword (weapon)
 i - a +2 dagger of venom
 T - a +0 demon blade
 U - a +0 scimitar of flaming
Missiles
 f - 375 stones
 m - 5 javelins
 n - 2 boomerangs of dispersal
 y - 54 poisoned darts (quivered)
 A - 28 boomerangs
 F - 16 atropa-tipped darts
 N - 4 throwing nets
Armour
 b - a +0 leather armour
 p - a +1 scale mail
 r - a +2 robe of resistance
 D - a +0 pair of gloves (worn)
 K - a +0 plate armour
 O - a +4 ring mail of fire resistance (worn)
 R - a +0 cloak (worn)
Jewellery
 e - an amulet of faith (around neck)
 s - a ring of protection from fire (left hand)
 G - a cursed amulet of inaccuracy {unknown}
 I - a ring of see invisible (right hand)
 V - an uncursed ring of ice
Wands
 u - a wand of iceblast (3)
 M - a wand of digging (6)
 S - a wand of acid (15)
Scrolls
 c - 2 scrolls of enchant armour
 d - 9 scrolls of remove curse
 k - 3 scrolls of amnesia
 l - 4 scrolls of fog
 v - a scroll of noise {unknown}
 z - a scroll of teleportation
 E - 7 scrolls of identify
 W - a scroll of silence {unknown}
Potions
 h - 14 potions of curing
 j - a potion of flight
 o - a potion of mutation
 q - a potion of magic
 t - a potion of might
 w - 3 potions of haste
 x - 3 potions of heal wounds
 B - a potion of berserk rage
 C - a potion of degeneration {unknown}
 H - a potion of cancellation
 J - a potion of attraction
 L - a potion of brilliance
 Q - 2 potions of lignification


   Skills:
 - Level 6.0 Fighting
 * Level 17.2 Long Blades
 - Level 2.1 Armour
 - Level 7.8 Dodging
 + Level 6.0 Invocations


You had 11 spell levels left.
You didn't know any spells.
Your spell library contained the following spells:

 Spells                   Type           Power        Failure   Level
 Foxfire                  Conj/Fire      0%           47%         1
 Conjure Flame            Conj/Fire      0%           85%         3
 Inner Flame              Hex/Fire       0%           85%         3
 Leda's Liquefaction      Hex/Erth       0%           99%         4
 Sticky Flame             Conj/Fire      0%           99%         4
 Summon Lightning Spire   Summ/Air       0%           99%         4
 Fireball                 Conj/Fire      0%           100%        5


Dungeon Overview and Level Annotations

Branches:
Dungeon (12/15)            Temple (0/1) D:7            Lair (0/6) D:11
    Orc (0/2) D:11          Sewer (visited)

Altars:
Makhleb
Trog
Uskayaw
Yredelemnul
The Shining One

Shops:
D:9 ?

Annotations:
D:8 Gastronok
D:12 Nessos


Innate Abilities, Weirdness & Mutations

You have a beak for a mouth.
You have claws for feet.
You can fly continuously.


Message History

You are poisoned.
* * * LOW HITPOINT WARNING * * *
You see here 2 arrows.
* * * LOW HITPOINT WARNING * * *
You feel sick.
Nessos blinks!
There is an open door, spattered with blood here.
You see here 2 arrows.
You feel better.
Nessos blinks!
The deep elf mage gestures wildly while chanting.
Nessos shoots an arrow.
The arrow hits you!
* * * LOW HITPOINT WARNING * * *
The arrow burns you.
You are lethally poisoned!
* * * LOW HITPOINT WARNING * * *
You feel better.
As you read the scroll of teleportation, it crumbles to dust.
You feel strangely unstable. The deep elf mage casts a spell at you.
The shard of ice hits you!!
You die...

#...#.###...............
..#####.# ................
........#
...ยง............
......).##........Y.......
.........#........c.......
##.......###...Y.(c.......
#.........#....##e######
#.........######..:......
#..............@.........
#........................
#................#######.
#................#
.................#
................#
...............#
...............


You could see Nessos (fast) and a deep elf mage.

Vanquished Creatures
  Fannar (D:10)
  Erolcha (D:11)
  Harold (D:8)
  2 two-headed ogres
  Erica (D:9)
  An unseen horror (D:11)
  Maurice (D:9)
  Joseph (D:10)
  A gargoyle (D:11)
  Maggie (D:8)
  A troll (D:12)
  2 shadows (D:11)
  5 yaks (D:11)
  Sigmund (D:2)
  2 wyverns (D:11)
  2 basilisks (D:11)
  2 vampire mosquitoes (D:12)
  2 steam dragons (D:7)
  3 water moccasins (D:11)
  A two-headed ogre zombie (D:11)
  6 orc warriors
  4 black bears
  4 sky beasts
  4 ice beasts
  6 ogres
  A necrophage (D:9)
  3 phantoms
  A wolf (D:11)
  3 centaurs
  3 big kobolds
  4 bullfrogs
  2 water moccasin zombies
  2 troll zombies (D:11)
  A scorpion (D:11)
  14 killer bees
  15 wights
  3 bullfrog zombies
  2 quasits
  7 orc priests
  7 hounds
  18 orc wizards
  3 gnoll shamans
  3 iguanas
  8 worker ants
  4 ogre zombies (D:11)
  A howler monkey zombie (D:8)
  4 worker ant zombies
  Robin (D:2)
  19 gnolls
  17 adders
  7 river rats (Sewer)
  A shadow imp (D:9)
  3 white imps
  An ufetubus (D:5)
  An ooze (D:4)
  5 adder skeletons
  3 adder zombies
  4 worms
  2 dart slugs (D:1)
  6 leopard geckos
  47 orcs
  2 giant cockroaches
  14 goblins
  9 hobgoblins
  7 jackals
  33 kobolds
  9 ball pythons
  4 bats
  2 frilled lizards (D:1)
  3 goblin skeletons (D:11)
  2 goblin zombies (D:11)
  A hobgoblin skeleton (D:11)
  3 hobgoblin zombies (D:11)
  2 jackal skeletons
  A leopard gecko zombie (D:5)
  16 orc zombies (D:11)
  25 rats
415 creatures vanquished.

Vanquished Creatures (others)
  6 fungi
  13 plants (D:11)
19 creatures vanquished.

Grand Total: 434 creatures vanquished

Notes
Turn   | Place    | Note
-------+----------+-------------------------------------------
     0 | Abyss:1  | lessens the Tengu Abyssal Knight began the quest for the
                  | Orb.
     0 | Abyss:1  | Reached XP level 1. HP: 14/14 MP: 3/3
    83 | D:1      | Escaped the Abyss
   321 | D:1      | Reached skill level 3 in Long Blades
   321 | D:1      | Reached XP level 2. HP: 17/19 MP: 4/4
   668 | D:1      | Reached ** piety under Lugonu
   701 | D:1      | Reached XP level 3. HP: 20/23 MP: 5/5
   989 | D:2      | Noticed Robin
  1005 | D:2      | Reached skill level 4 in Long Blades
  1032 | D:2      | Killed Robin
  1126 | D:2      | Reached XP level 4. HP: 27/28 MP: 6/6
  1447 | D:2      | Reached skill level 5 in Long Blades
  1480 | D:2      | Gained mutation: You can fly continuously. [Tengu growth]
  1480 | D:2      | Reached XP level 5. HP: 6/32 MP: 7/7
  2104 | D:2      | Noticed Sigmund
  2135 | D:2      | Killed Sigmund
  2136 | D:2      | Reached skill level 7 in Long Blades
  2136 | D:2      | Reached XP level 6. HP: 11/37 MP: 8/8
  2851 | D:3      | Reached *** piety under Lugonu
  3203 | D:3      | Reached skill level 8 in Long Blades
  3203 | D:3      | Reached XP level 7. HP: 32/41 MP: 9/9
  4537 | D:4      | Found a glowing drain.
  4572 | Sewer    | Entered a sewer
  4620 | Sewer    | Reached skill level 9 in Long Blades
  4675 | Sewer    | Reached **** piety under Lugonu
  5153 | Sewer    | Reached XP level 8. HP: 46/46 MP: 11/11
  6308 | D:4      | Reached skill level 10 in Long Blades
  7002 | D:5      | Entered Level 5 of the Dungeon
  8054 | D:5      | Reached ***** piety under Lugonu
  8066 | D:5      | Reached skill level 11 in Long Blades
  8066 | D:5      | Reached XP level 9. HP: 47/50 MP: 13/13
  8313 | D:5      | Reached skill level 5 in Invocations
  9688 | D:7      | Reached skill level 12 in Long Blades
  9889 | D:7      | Found a staircase to the Ecumenical Temple.
  9991 | D:7      | Found a hide-covered altar of Uskayaw.
 10696 | D:7      | Reached XP level 10. HP: 31/56 MP: 15/15
 11084 | D:8      | Reached skill level 13 in Long Blades
 11349 | D:8      | Found a burning altar of Makhleb.
 11350 | D:8      | Found a glowing golden altar of the Shining One.
 11350 | D:8      | Found a basalt altar of Yredelemnul.
 11350 | D:8      | Noticed Maggie
 11368 | D:8      | Killed Maggie
 11378 | D:8      | Found a bloodstained altar of Trog.
 11389 | D:8      | Noticed Harold
 11399 | D:8      | Killed Harold
 11686 | D:8      | Noticed Gastronok
 12256 | D:9      | Noticed a two-headed ogre
 12266 | D:9      | Banished a two-headed ogre
 12267 | D:9      | Reached skill level 14 in Long Blades
 12267 | D:9      | Reached skill level 5 in Dodging
 12540 | D:9      | Noticed Maurice
 12549 | D:9      | Killed Maurice
 12683 | D:9      | Noticed Erica
 12699 | D:9      | Killed Erica
 12700 | D:9      | Reached XP level 11. HP: 30/60 MP: 16/16
 12964 | D:9      | Found Jutix's Magic Scroll Shop.
 13058 | D:9      | Bought a scroll of identify for 20 gold pieces
 13058 | D:9      | Bought a scroll of identify for 20 gold pieces
 13058 | D:9      | Bought a scroll of identify for 20 gold pieces
 13058 | D:9      | Bought a scroll of identify for 20 gold pieces
 13638 | D:9      | Noticed a two-headed ogre
 13674 | D:9      | Killed a two-headed ogre
 13675 | D:9      | Reached skill level 15 in Long Blades
 14084 | D:10     | Entered Level 10 of the Dungeon
 15052 | D:10     | Noticed Joseph
 15071 | D:10     | Killed Joseph
 15577 | D:10     | Noticed Fannar
 15674 | D:10     | Killed Fannar
 15801 | D:10     | Identified the Compendium of Stones and Creation
 16541 | D:11     | Noticed a two-headed ogre
 16573 | D:11     | Killed a two-headed ogre
 16574 | D:11     | Reached skill level 16 in Long Blades
 17048 | D:11     | Reached ****** piety under Lugonu
 17132 | D:11     | Noticed Erolcha
 17146 | D:11     | HP: 1/62 [spectral weapon/+2 spectral giant club[Erolcha]
                  | (13)]
 17445 | D:12     | Reached XP level 12. HP: 50/67 MP: 17/17
 17789 | D:11     | Reached skill level 5 in Fighting
 17867 | D:11     | Killed Erolcha
 18135 | D:11     | Found a staircase to the Lair.
 18343 | D:11     | Found a staircase to the Orcish Mines.
 18382 | D:11     | Reached skill level 17 in Long Blades
 18947 | D:12     | Noticed Nessos
 18956 | D:12     | Killed from afar by a deep elf mage

Illustrated notes

Levels and vault maps discovered:
D:1:      saegor_arrival_simple_b, layout_loops_cross, minmay_fountain_box,
          hangedman_decor_slide_cut
D:2:      layout_basic, uniq_robin, uniq_sigmund
D:3:      layout_basic, serial_curves, eino_curves_03, eino_curves_01,
          eino_curves_01, minivault_19, st_stairs_4
D:4:      layout_loops_corners, cheibrodos_sewer_entry_drain,
          minmay_quadrilaterals
D:5:      layout_loops_ring
D:6:      layout_cave_pools
D:7:      kennysheep_steamy, layout_basic, eat_drink_and_be_merry_uskayaw,
          minmay_temple_entry_antechambers, supply_closet_lemuel
D:8:      layout_cave_pools, chequers_temple_overflow_statue_of_worship,
          uniq_harold, uniq_maggie, uniq_gastronok
D:9:      layout_cave_pods, serial_shops, shop, kennysheep_potato, uniq_maurice,
          uniq_erica
D:10:     layout_rooms, uniq_joseph, uniq_fannar
D:11:     layout_basic, minmay_lair_entry_grove, zombieorc2_lemuel, uniq_erolcha
D:12:     layout_irregular_city, gauntlet_entry_generic, uniq_nessos

Skill      XL: |  1  2  3  4  5  6  7  8  9 10 11 12 |
---------------+-------------------------------------+-----
Long Blades    | 3 4 5 7 8 9 11 12 14 16 17 | 17.2
Invocations    | 3 4 6 |  6.0
Dodging        | 2 6 7 |  7.8
Fighting       | 4 6 |  6.0
Armour         | |  2.1

Action                   |  1- 3 |  4- 6 |  7- 9 | 10-12 || total
-------------------------+-------+-------+-------+-------++-------
Melee: Falchion          |    22 |       |    10 |       ||    32
       Kick              |    20 |    37 |   143 |   152 ||   352
       Peck              |    10 |    20 |    99 |    82 ||   211
       Dagger            |    54 |   125 |   507 |       ||   686
       Great sword       |       |       |    68 |   453 ||   521
       Demon blade       |       |       |       |    16 ||    16
Throw: Dart              |       |       |       |    14 ||    14
Invok: Banish            |       |       |       |     7 ||     7
 Abil: Fly               |       |     1 |       |       ||     1
       Stop Flying       |       |       |     1 |       ||     1
Evoke: Wand              |       |       |       |     3 ||     3
  Use: Potion            |       |     1 |     1 |    11 ||    13
       Scroll            |       |       |    17 |    12 ||    29
Armor: Leather armour    |    14 |     3 |       |       ||    17
       Scale mail        |       |    38 |   201 |    50 ||   289
       Ring mail         |       |       |       |   107 ||   107
Dodge: Dodged            |    33 |    42 |   265 |   299 ||   639
       Rpst.: Falchion   |     2 |       |     1 |       ||     3
       Great sword       |       |       |     9 |    70 ||    79
       Demon blade       |       |       |       |     3 ||     3
